 Dungeon Crawl Stone Soup version 0.19-a0-892-g8a19e52 (webtiles) character file.

6766 Gorice the Destroyer (level 10, -6/67 HPs)
             Began as a Demonspawn Venom Mage on July 3, 2016.
             Was a Priest of Sif Muna.
             Mangled by a hill giant
             ... wielding a +0 giant spiked club
              (40 damage)
             ... on level 10 of the Dungeon on July 4, 2016.
             The game lasted 01:17:26 (10939 turns).

Gorice the Destroyer (Demonspawn Venom Mage)       Turns: 10939, Time: 01:17:27

Health: -6/67      AC:  9    Str: 13    XL:     10   Next: 76%
Magic:  21/22      EV: 11    Int: 20    God:    Sif Muna [***...]
Gold:   601        SH:  0    Dex: 14    Spells: 2 memorised, 21 levels left

rFire  . . .     SeeInvis .     a - +2 spear (venom)
rCold  . . .     Gourm    .     x - +0 troll leather armour {Purgy}
rNeg   . . .     Faith    .     (no shield)
rPois  .         Spirit   .     (helmet restricted)
rElec  .         Dismiss  .     t - +0 cloak
rCorr  .         Reflect  .     o - +0 pair of gloves
SustAt .         Harm     +     (no boots)
MR     .....                    F - amulet of harm
Stlth  ++........               (no ring)
                                (no ring)

@: mighty, about to teleport, studying Long Blades, not resistant to hostile
enchantments, unstealthy
A: horns 2, icy blue scales 2, powered by death 1, powered by pain 1
a: Divine Energy, Channel Magic, Renounce Religion


You were on level 10 of the Dungeon.
You worshipped Sif Muna.
Sif Muna was most pleased with you.
You were not hungry.

You visited 2 branches of the dungeon, and saw 11 of its levels.
You also visited: Sewer.

You collected 601 gold pieces.

Inventory:

Hand Weapons
 a - a +2 spear of venom (weapon)
   (You took it off a gnoll on level 3 of the Dungeon)
 b - a +2 hunting sling of flaming
   (You found it on level 1 of the Dungeon)
 p - a +0 morningstar of protection
   (You found it on level 4 of the Dungeon)
 A - a +2 great sword of freezing
   (You took it off a wight on level 6 of the Dungeon)
 E - a +0 quarterstaff
Missiles
 g - 51 poisoned needles
 u - 6 tomahawks
 v - 88 sling bullets
 Y - 2 throwing nets
 Z - 223 stones (quivered)
Armour
 o - a +0 pair of gloves (worn)
 t - a +0 cloak (worn)
 x - a +0 troll leather armour (worn) {Purgy}
 z - a +1 robe of positive energy
   (You took it off an orc wizard on level 4 of the Dungeon)
 H - a +2 ring mail of cold resistance
   (You took it off Edmund on level 5 of the Dungeon)
Jewellery
 F - an amulet of harm (around neck)
Wands
 l - a wand of acid (2/15)
 I - a wand of iceblast (7/15)
Scrolls
 e - 2 scrolls of teleportation {!r}
 m - 2 scrolls of recharging
 y - a scroll of remove curse
 D - 4 scrolls of identify
 G - a scroll of amnesia
Potions
 f - a potion of magic {!q}
 k - a potion of berserk rage
 q - a potion of brilliance {!q}
 r - 5 potions of flight
 w - a potion of lignification {!q}
Books
 d - a Young Poisoner's Handbook
 h - a manual of Long Blades {!d}
 i - a book of Summonings
Comestibles
 c - 9 bread rations {!e}
 j - 16 royal jellies
 n - a meat ration {!e}
 s - a slice of pizza
 B - 4 beef jerkies
 C - 2 fruits


   Skills:
 + Level 2.0 Fighting
 - Level 1.7 Dodging
 - Level 1.7 Stealth
 + Level 8.0 Spellcasting
 * Level 11.4 Conjurations
 - Level 9.0 Poison Magic


You had 21 spell levels left.
You knew the following spells:

 Your Spells              Type           Power        Failure   Level  Hunger
a - Sting                 Conj/Pois      ####         1%          1    None
b - Mephitic Cloud        Conj/Pois/Air  #####...     1%          3    None


Dungeon Overview and Level Annotations

Branches:
Dungeon (10/15)            Temple (1/1) D:7            Lair (0/6) D:8
    Orc: D:9-12

Altars:
Ashenzari
Cheibriados
Dithmenos
Elyvilon
Fedhas
Gozag
Hepliaklqana
Kikubaaqudgha
Makhleb
Nemelex Xobeh
Okawaru
Pakellas
Qazlal
Ru
Sif Muna
Trog
Uskayaw
Vehumet
Xom
Yredelemnul
Zin
The Shining One

Shops:
D:4 (

Annotations:
D:7 pUX...!, Gorice's ghost, amateur DsVM
D:8 pUX: shafted here (prob Lair)


Innate Abilities, Weirdness & Mutations

You have a pair of horns on your head.
You are mostly covered in icy blue scales. (AC +3, EV -1)
You regenerate a little health from kills.
You sometimes gain a little power by taking damage.


Message History

Your +2 hunting sling of flaming stops flaming.
Your +2 spear of venom begins to drip with poison!
a - a +2 spear of venom (weapon)
The orc moves out of view.
The howler monkey hits you. The howler monkey barely misses you.
Damage: 4 (max 4)
You tear a large gash into the net.
The howler monkey hoots and howls with incredible vigour! x2
The yak barely misses you.
The yak bellows!
A yak comes into view.
The yak bellows!
You hear a shout!
An orc comes into view. It is wielding a hand axe.
The orc shouts!
An orc wizard comes into view. It is wielding a dagger.
The orc wizard shouts!
You hear an angry buzzing noise. x2
You hear a screech!
You shred the net and break free!
The howler monkey hits you but does no damage. x2
The yak gores you but does no damage. The orc hits you but does no damage.
The orc wizard casts a spell.
The orc wizard seems to speed up.
Unknown command.
The howler monkey hits you but does no damage.
The howler monkey closely misses you. The howler monkey barely misses you.
Found a stone staircase leading down.
Unknown command.
You closely miss the yak.
The howler monkey looks more healthy.
The howler monkey hoots and howls with incredible vigour!
The yak gores you.
The howler monkey hits you but does no damage.
The howler monkey hits you.
The hill giant hits you with a giant spiked club!
You focus on the pain.
You feel very mighty all of a sudden.
You hear an angry buzzing noise.
Damage: 23 (max 23) Unknown command.
Unknown command.
Unknown command.
Really read
e - 3 scrolls of teleportation {!r}?
As you read the scroll of teleportation {!r}, it crumbles to dust.
You feel strangely unstable. The orc barely misses you. The yak gores you.
The howler monkey closely misses you. The howler monkey hits you!
The orc wizard closely misses you.
Damage: 8 (max 23) Unknown command.
The hill giant hits you with a giant spiked club!!
Ouch! That really hurt!
You die...

.###############
.>.............
..............
............#
............#
......).hh..#
.......CYYYo###
.......@oo.o.o...
...........o.o...
##############...
.. .


You could see a hill giant, 3 yaks, 2 howler monkeys, 3 orc wizards and 4 orcs.

Vanquished Creatures
  Erolcha (D:8)
  An ugly thing (D:8)
  Maurice (D:9)
  Joseph (D:9)
  Psyche (D:9)
  A queen bee (D:9)
  A hippogriff (D:9)
  Edmund (D:5)
  Purgy (Sewer)
  An orc warrior (D:8)
  A wasp (D:9)
  A sky beast (D:8)
  6 ogres
  2 centaurs
  A crocodile (D:8)
  A big kobold (D:8)
  Blork the orc (D:5)
  4 giant frogs
  5 scorpions
  3 wights
  17 killer bees
  A howler monkey (D:4)
  7 crimson imps
  A quasit (D:8)
  A giant frog zombie (D:8)
  4 hounds
  3 jellies (D:9)
  6 orc priests
  5 orc wizards
  5 iguanas
  Jessica (D:3)
  3 centaur skeletons
  2 worker ants (D:4)
  Natasha (thrice) (D:2)
  2 worker ant zombies
  2 howler monkey zombies
  6 gnolls
  8 adders
  3 river rats
  3 shadow imps
  6 oozes
  3 adder skeletons
  5 worms
  4 dart slugs
  8 giant geckos
  9 orcs
  6 giant cockroaches
  4 hobgoblins
  5 jackals
  13 kobolds
  5 quokkas
  3 ball pythons
  10 bats
  A giant gecko skeleton (D:6)
  4 giant newts
  9 goblins
  A jackal zombie (D:8)
  A quokka skeleton (D:8)
  11 rats
226 creatures vanquished.

Vanquished Creatures (others)
  17 fungi (D:8)
  5 plants (D:8)
22 creatures vanquished.

Grand Total: 248 creatures vanquished

Notes
Turn   | Place    | Note
-------+----------+-------------------------------------------
     0 | D:1      | Gorice the Demonspawn Venom Mage began the quest for the Orb.
     0 | D:1      | Reached XP level 1. HP: 13/13 MP: 3/3
   225 | D:1      | Reached skill level 1 in Conjurations
   313 | D:1      | Gained mutation: You are partially covered in icy blue scales. (AC +1) [demonic ancestry]
   313 | D:1      | Reached XP level 2. HP: 19/19 MP: 0/5
   865 | D:1      | Reached skill level 2 in Conjurations
  1064 | D:1      | Reached XP level 3. HP: 24/24 MP: 3/6
  1615 | D:2      | Noticed Natasha
  1703 | D:2      | Killed Natasha
  1703 | D:2      | Gained mutation: You have a pair of small horns on your head. [demonic ancestry]
  1703 | D:2      | Reached XP level 4. HP: 16/30 MP: 4/8
  1708 | D:2      | Reached skill level 3 in Spellcasting
  2190 | D:2      | Reached skill level 3 in Conjurations
  2583 | D:2      | Gained mutation: You are mostly covered in icy blue scales. (AC +3, EV -1) [demonic ancestry]
  2583 | D:2      | Reached XP level 5. HP: 18/35 MP: 4/10
  2786 | D:3      | Reached skill level 4 in Conjurations
  2807 | D:2      | Noticed Natasha
  2817 | D:2      | Killed Natasha
  2837 | D:2      | Noticed Natasha
  3028 | D:2      | Killed Natasha
  3257 | D:2      | Gained mutation: You regenerate a little health from kills. [demonic ancestry]
  3257 | D:2      | Reached XP level 6. HP: 39/41 MP: 7/11
  3356 | D:3      | Reached skill level 4 in Spellcasting
  3533 | D:3      | Noticed Jessica
  3541 | D:3      | Killed Jessica
  3702 | D:3      | You fall through a shaft for 3 floors!
  3797 | D:5      | Entered Level 5 of the Dungeon
  3808 | D:5      | Reached skill level 5 in Conjurations
  4020 | D:6      | Found a glowing drain.
  4078 | Sewer    | Entered a sewer
  4147 | Sewer    | Learned a level 3 spell: Mephitic Cloud
  4165 | Sewer    | Noticed Purgy
  4176 | Sewer    | Killed Purgy
  4176 | Sewer    | Reached skill level 5 in Poison Magic
  4176 | Sewer    | Reached XP level 7. HP: 46/46 MP: 4/13
  5146 | D:4      | Reached skill level 6 in Conjurations
  5179 | D:4      | Found Picseudd's Weapon Shop.
  5591 | D:4      | Reached skill level 6 in Poison Magic
  5644 | D:4      | Reached XP level 8. HP: 52/52 MP: 12/15
  5815 | D:4      | Reached skill level 5 in Spellcasting
  6099 | D:5      | You fall through a shaft for 3 floors!
  6131 | D:8      | Reached skill level 7 in Conjurations
  6220 | D:7      | Found a staircase to the Ecumenical Temple.
  6260 | D:8      | Reached skill level 7 in Poison Magic
  6369 | D:8      | HP: 15/52 [killer bee (8)]
  6542 | Temple   | Entered the Ecumenical Temple
  6771 | Temple   | Became a worshipper of Sif Muna the Loreminder
  6922 | D:7      | Gained mutation: You sometimes gain a little power by taking damage. [demonic ancestry]
  6922 | D:7      | Reached XP level 9. HP: 57/57 MP: 15/17
  7252 | D:5      | Noticed Blork the orc
  7259 | D:5      | Killed Blork the orc
  7259 | D:5      | Reached skill level 8 in Conjurations
  7334 | D:5      | Noticed Edmund
  7351 | D:5      | Killed Edmund
  8235 | D:5      | Reached * piety under Sif Muna
  8235 | D:5      | Reached skill level 8 in Poison Magic
  8265 | D:5      | Reached skill level 6 in Spellcasting
  8376 | D:7      | Noticed Gorice's ghost (amateur DsVM)
  8419 | D:8      | Noticed Erolcha
  8451 | D:8      | HP: 17/57 [killer bee (8)]
  8456 | D:8      | Killed Erolcha
  8456 | D:8      | Reached ** piety under Sif Muna
  8456 | D:8      | Reached skill level 9 in Conjurations
  8570 | D:8      | Upgraded the game from 0.19-a0-867-g949743d to 0.19-a0-892-g8a19e52
  8648 | D:8      | Reached skill level 9 in Poison Magic
  8843 | D:8      | Found a staircase to the Lair.
  9216 | D:8      | Gained mutation: You have a pair of horns on your head. [demonic ancestry]
  9216 | D:8      | Reached XP level 10. HP: 45/63 MP: 17/20
  9368 | D:8      | Noticed a brown ugly thing
  9406 | D:8      | Killed a brown ugly thing
  9406 | D:8      | Reached skill level 7 in Spellcasting
  9472 | D:8      | Reached skill level 10 in Conjurations
  9738 | D:9      | Noticed Joseph
  9762 | D:9      | Killed Joseph
  9762 | D:9      | Reached *** piety under Sif Muna
  9908 | D:9      | Noticed Maurice
  9948 | D:9      | Killed Maurice
 10306 | D:9      | Found a burning altar of Makhleb.
 10388 | D:9      | Reached skill level 11 in Conjurations
 10672 | D:9      | Reached skill level 1 in Fighting
 10859 | D:9      | Noticed Psyche
 10869 | D:9      | Killed Psyche
 10869 | D:9      | Reached skill level 2 in Fighting
 10869 | D:9      | Reached skill level 8 in Spellcasting
 10928 | D:10     | Entered Level 10 of the Dungeon
 10931 | D:10     | Noticed a hill giant
 10939 | D:10     | Mangled by a hill giant

Vault maps used:
D:1:      dpeg_arrival_oval
D:2:      first_bread, st_stairs_6, kennysheep_generic_room_3, uniq_natasha
D:3:      minmay_door_path, minmay_item_behind_shaft, minmay_fountain_box,
          kennysheep_jessica_study
D:4:      serial_shops, shop_statue
D:5:      st_stairs_8, uniq_blork_the_orc, uniq_edmund
D:6:      portal_sewer_entry_a
D:8:      due_lair_maze_entry_diamond, uniq_erolcha
D:9:      makhleb_heckhound_becter, special_room,
          hangedman_little_slice_of_home, uniq_psyche, uniq_joseph, uniq_maurice
D:10:     basic_altar, kennysheep_cross_room
Temple:   roderic_octagonal_lattice_temple
Sewer:    sewer_the_crocodile

Skill      XL: |  1  2  3  4  5  6  7  8  9 10 |
---------------+-------------------------------+-----
Conjurations   | 1 2 3 4 5 6 7 9 11 | 11.4
Spellcasting   | 3 4 5 6 8 |  8.0
Poison Magic   | 5 6 7 9 |  9.0
Fighting       | 2 |  2.0
Dodging        | |  1.7
Stealth        | |  1.7

Action                   |  1- 3 |  4- 6 |  7- 9 | 10-12 || total
-------------------------+-------+-------+-------+-------++-------
Melee: Unarmed           |     3 |       |       |       ||     3
       Spear             |       |       |   256 |    73 ||   329
       Headbutt          |       |       |    27 |    12 ||    39
 Fire: Hunting sling     |     6 |    79 |   103 |    29 ||   217
Throw: Stone             |     1 |       |       |       ||     1
 Cast: Sting             |    61 |   119 |   185 |    94 ||   459
       Mephitic Cloud    |       |     1 |     5 |    10 ||    16
Evoke: Wand              |       |     2 |     1 |       ||     3
  Use: Scroll            |     3 |     6 |    10 |     1 ||    20
       Potion            |       |       |     2 |       ||     2
 Stab: Distracted        |       |       |     1 |       ||     1
       Confused          |       |       |     1 |       ||     1
       Sleeping          |       |       |       |     2 ||     2
  Eat: Chunk             |     3 |     8 |    16 |     5 ||    32
       Pizza             |       |       |       |     1 ||     1
Armor: Robe              |     3 |    24 |     4 |       ||    31
       Troll leather arm |       |       |   161 |    44 ||   205
Dodge: Dodged            |    18 |    40 |   190 |    59 ||   307

Table legend:
 A = Turns spent in this place as a percentage of turns spent in the entire game.
 B = Non-inter-level travel turns spent in this place as a percentage of non-inter-level travel turns spent in the entire game.
 C = Inter-level travel turns spent in this place as a percentage of turns spent in this place.
 D = Turns resting spent in this place as a percentage of non-inter-level travel turns spent in this place.
 E = Turns spent auto-exploring this place as a percentage of non-inter-level travel turns spent in this place.
 F = Non-inter-level travel turns spent in this place divided by the number of levels of this place that you've seen.
                   A       B       C       D       E      F
               +-------+-------+-------+-------+-------+----------------------
         Total | 100.0 | 100.0 |   0.4 |   3.5 |   3.7 | 409.9
       Dungeon |  96.9 |  96.9 |   0.4 |   3.6 |   3.3 | 476.8
        Temple |   0.6 |   0.5 |   6.9 |   0.0 |  85.2 |  27.0
         Sewer |   2.5 |   2.5 |   0.0 |   1.6 |   0.8 | 124.0
               +-------+-------+-------+-------+-------+----------------------

Vault maps used:
D:1:      dpeg_arrival_oval
D:2:      first_bread, st_stairs_6, kennysheep_generic_room_3, uniq_natasha
D:3:      minmay_door_path, minmay_item_behind_shaft, minmay_fountain_box,
          kennysheep_jessica_study
D:4:      serial_shops, shop_statue
D:5:      st_stairs_8, uniq_blork_the_orc, uniq_edmund
D:6:      portal_sewer_entry_a
D:8:      due_lair_maze_entry_diamond, uniq_erolcha
D:9:      makhleb_heckhound_becter, special_room,
          hangedman_little_slice_of_home, uniq_psyche, uniq_joseph, uniq_maurice
D:10:     basic_altar, kennysheep_cross_room
Temple:   roderic_octagonal_lattice_temple
Sewer:    sewer_the_crocodile
